Unix NetHack Version 5.0.0-0 post-release - last build May 22 2026 02:22:16 (99d1c3b6dc4b13757aaa5824b55bdea4e1e63757,branch:main).

Game began 2026-05-22 00:22:46, ended 2026-05-22 20:19:19.

Ch3Begorrah, chaotic male human Rogue

                                                                         -----
                                                                         |...|
                                                                         |.).|
                                                                         |..[|
                                                                         --%--
                                                                           (
                                                                           (
                                                                          ##
                                                                       ---.-
                                                                       |...|
                         |                                            #|)..|
                         |..........       #q#f###                #####..<.|
                         ----------              #               ##    -+---
                                                 0################

Ch3Begorrah the Pilferer  St:14 Dx:18 Co:17 In:12 Wi:13 Ch:9  Chaotic
Dlvl:8  $:568 HP:0(67) Pw:45(45) AC:2  Xp:10 T:11887  Burdened

Latest messages:
 The giant beetle bites!
 You hit the giant beetle!
 You kill the giant beetle!
 The rothe misses!
 The rothe misses!
 The rothe misses!
 You kill the rothe!
 You hit the rothe.
 The rothe misses!
 The rothe bites!
 The rothe bites again!
 You hit the rothe!
 The rothe misses!
 The rothe misses!
 The rothe misses!
 The rothe hits!
 The rothe bites!
 The rothe bites again!
 You kill the rothe!
 You see here 2 rothe corpses.
 The rothe misses!
 The rothe bites!
 The rothe bites again!
 You hit the rothe!
 The rothe hits!
 The rothe bites!
 The rothe misses!
 You kill the rothe!
 You see here a rothe corpse.
 You fall down the stairs.
 You find a hidden door.
 The large cat drops a hooded cloak.
 The large cat picks up a hooded cloak.
 With great effort you move the boulder.
 You try to move the boulder, but in vain.
 You try to move the boulder, but in vain.
 You hear a door open.
 The leocrotta hits!
 The leocrotta misses!
 The leocrotta hits!
 The leocrotta hits!
 The leocrotta bites!
 The leocrotta hits!
 The leocrotta hits!
 The leocrotta bites!
 The leocrotta misses!
 The leocrotta hits!
 The leocrotta bites!
 You die...
 Do you want your possessions identified? [ynq] (y) q

Inventory:
 Coins    ('$')
  $ - 568 gold pieces
 Weapons  (')')
  m - 11 +1 daggers (at the ready)
  L - a corroded +1 dagger
  x - a +2 silver saber named Primo (alternate weapon; not wielded)
  h - the +2 Werebane (weapon in right hand)
 Armor    ('[')
  p - an uncursed thoroughly rusty +0 helmet (being worn)
  b - an uncursed +0 orcish helm
  j - a blessed rotted +1 pair of leather gloves named ok (being worn)
  A - an uncursed very rotted +0 pair of jumping boots (being worn)
  k - an uncursed +0 small shield (being worn)
  s - an uncursed greased +0 cloak of invisibility (being worn)
  q - a blessed +0 elven mithril-coat (being worn)
 Comestibles  ('%')
  Z - an uncursed lizard corpse
 Scrolls  ('?')
  X - an uncursed scroll of teleportation
 Potions  ('!')
  r - a cursed potion of extra healing
  G - an uncursed potion of fruit juice
 Rings    ('=')
  B - an uncursed ring of conflict named ok
  a - a cursed ring of teleportation named cursed
 Wands    ('/')
  i - a wand of cancellation (0:5)
  o - a wand of light (0:6)
  u - a wand of secret door detection (0:13)
  D - a wand of secret door detection (0:9)
  O - a wand of stasis (0:6)
  y - a wand of striking (0:0)
 Tools    ('(')
  P - an uncursed bag of holding containing 43 items
  f - an uncursed sack containing 1 item
  g - an uncursed blindfold named ok
  e - an uncursed lock pick
  W - an uncursed magic whistle
  E - a +0 unicorn horn
  T - a +0 unicorn horn
  U - a +0 unicorn horn

Contents of the sack:
  67 gold pieces

Contents of the bag of holding:
  3515 gold pieces
  an uncursed amulet versus poison
  the fireproof +3 Orcrist
  an uncursed +0 pair of gauntlets of dexterity
  an uncursed cream pie
  2 uncursed fortune cookies
  an uncursed lembas wafer
  an uncursed pancake
  2 uncursed tripe rations
  an uncursed lizard corpse
  an uncursed scroll of amnesia named ok
  an uncursed scroll of light
  an uncursed scroll of food detection named ok
  an uncursed scroll of destroy armor named ok
  a cursed scroll of confuse monster named cursed
  2 uncursed scrolls of confuse monster named ok
  an uncursed scroll of fire
  an uncursed scroll of enchant armor
  2 uncursed scrolls of earth
  an uncursed scroll of create monster
  a blessed scroll of teleportation
  an uncursed spellbook of magic missile
  an uncursed potion of invisibility
  an uncursed potion of confusion
  a cursed potion of confusion
  an uncursed potion of oil
  a blessed potion of sleeping
  an uncursed potion of monster detection
  an uncursed potion of gain energy
  2 uncursed potions of blindness
  an uncursed potion of object detection
  a blessed potion of sickness
  2 uncursed potions of sickness
  an uncursed ring of free action
  a cursed ring of hunger named cursed
  a wand of make invisible (0:5)
  a can of grease (0:22)
  a +0 unicorn horn
  3 uncursed worthless pieces of blue glass
  an uncursed worthless piece of red glass
  2 uncursed worthless pieces of violet glass
  an uncursed worthless piece of white glass
  an uncursed worthless piece of yellow glass

Ch3Begorrah the Rogue's attributes:

Background:
 You were a Pilferer, a level 10 male human Rogue.
 You were chaotic, on a mission for Kos
 who was opposed by Issek (lawful) and Mog (neutral).
 You were right-handed.
 You were in the Dungeons of Doom, on level 8.
 You entered the dungeon 11887 turns ago.
 You had 5403 experience points, 4597 more were needed to attain level 11.

Basics:
 You had 0 out of 67 hit points.
 You had all 45 energy points (spell power).
 Your armor class was 2.
 Your wallet contained 568 zorkmids, and
 you had 3582 more stashed away in your pack.
 Autopickup was on for '$!/(', with exceptions.

Final Characteristics:
 Your strength was 14 (limit:18/100).
 Your dexterity was 18 (limit:18).
 Your constitution was 17 (limit:18).
 Your intelligence was 12 (limit:18).
 Your wisdom was 13 (limit:18).
 Your charisma was 9 (limit:18).

Final Status:
 You weren't hungry.
 You were burdened; movement was slightly slowed.
 You were wielding a saber.
 You were skilled in saber.

Final Attributes:
 You were piously aligned.
 You were cold resistant.
 You were poison resistant.
 You had automatic searching.
 You were invisible.
 You were stealthy.
 You could jump.
 You were guarded.
 You were very lucky.
 You are dead.

Miscellaneous:
 You didn't encounter any bones levels.
 Total elapsed playing time was 2 hours, 47 minutes and 13 seconds.

Major events:
 Turn
    1: Ch3Begorrah the chaotic male human Rogue entered the dungeon
 1238: attained the rank of Cutpurse (level 3)
 1556: entered the Gnomish Mines
 3313: entered Sokoban
 3346: attained the rank of Rogue (level 6)
 3695: completed 1st Sokoban level
 4511: completed 2nd Sokoban level
 5304: completed 3rd Sokoban level
 7080: completed 4th Sokoban level
 7506: acquired the Sokoban bag of holding
10436: was bestowed with Orcrist by Kos
10984: attained the rank of Pilferer (level 10)
11399: was bestowed with Werebane by Kos
11887: killed by a leocrotta

You didn't know any spells.

Skills:
 Fighting Skills
   bare handed combat [Unskilled]
   two weapon combat  [Unskilled]
   riding             [Unskilled]
 Weapon Skills
   dagger             [Skilled]
   knife              [Unskilled]
   short sword        [Basic]
   broadsword         [Unskilled]
   long sword         [Unskilled]
   two-handed sword   [Unskilled]
   saber              [Skilled]
   club               [Unskilled]
   mace               [Unskilled]
   morning star       [Unskilled]
   flail              [Unskilled]
   hammer             [Unskilled]
   polearms           [Unskilled]
   spear              [Unskilled]
   crossbow           [Unskilled]
   dart               [Unskilled]
   shuriken           [Unskilled]
 Spellcasting Skills
   divination spells  [Unskilled]
   escape spells      [Unskilled]
   matter spells      [Unskilled]

Voluntary challenges:
 Character rerolling was not enabled.
 You followed a strict vegan diet.
 You never genocided any monsters.
 You never polymorphed an object.
 You never changed form.
 You used no wishes.
 You did not violate any of the special Sokoban rules.
Achievements:
 You entered a shop.
 You attained the rank of Cutpurse.
 You entered the Gnomish Mines.
 You entered Sokoban.
 You attained the rank of Rogue.
 You completed Sokoban.
 You attained the rank of Pilferer.

 The Dungeons of Doom: levels 1 to 8
    Level 1:
    Level 2:
       A weapon shop, a sink.
    Level 3:
       A scroll shop, a fountain.
       Stairs down to The Gnomish Mines.
    Level 4:
    Level 5:
       Many fountains.
       Oracle of Delphi.
    Level 6:
       A sink.
       Stairs up to Sokoban, level 5.
    Level 7:
       An altar to Kos, a fountain.
    Level 8: <- You were here.
       Final resting place for
          you, killed by a leocrotta.
 The Gnomish Mines:
    Level 4:
 Sokoban: levels 5 up to 2
    Level 2:
       Solved.
    Level 3:
       Solved.
    Level 4:
       Solved.
    Level 5:
       Solved.


Vanquished creatures:
  2 giant mimics
  a warg
  2 trolls
  3 wood golems
  a gargoyle
  a dwarf ruler
  2 ochre jellies
 an elf mummy
  a human mummy
  a python
  a leather golem
  a soldier
  3 chameleons
  a crocodile
  3 giant beetles
  2 quivering blobs
  2 cockatrices
 10 wolves
  a winter wolf cub
  2 lynxes
  a panther
  2 leprechauns
  2 orc-captains
  a giant spider
  2 horses
 an ice vortex
  a black light
  a vampire bat
 an orc mummy
  3 brown puddings
  3 rust monsters
  a yeti
  a Green-elf
  6 lizards
  a dingo
  a dog
  a housecat
  2 jaguars
  a dwarf leader
  3 blue jellies
  3 white unicorns
  3 gray unicorns
  3 dust vortices
  2 ravens
  a gnome mummy
  a snake
 an ape
  3 soldier ants
  a fire ant
  2 bugbears
 an imp
  4 wood nymphs
  a water nymph
  3 mountain nymphs
  2 Mordor orcs
 10 Uruk-hai
 an orc shaman
  2 rock piercers
  3 rock moles
  4 ponies
  3 fog clouds
  a shrieker
  5 gnome leaders
  a red naga hatchling
  4 gray oozes
  a straw golem
  a paper golem
  a baby crocodile
  2 giant ants
  a little dog
  2 floating eyes
  a kitten
  2 dwarves
  a homunculus
  2 kobold leaders
  7 hill orcs
 11 rothes
  a rabid rat
  2 centipedes
  3 giant bats
  a monkey
 an orc zombie
  2 dwarf zombies
  a wererat
  3 iguanas
  a killer bee
  2 acid blobs
  2 gas spores
  2 hobbits
 16 manes
  4 hobgoblins
  2 giant rats
  3 cave spiders
  a brown mold
  a yellow mold
  a red mold
  2 gnomes
  a garter snake
  3 gnome zombies
  6 geckos
  9 jackals
  4 foxes
  a kobold
  5 goblins
  5 sewer rats
  8 grid bugs
  3 bats
  5 lichens
  a kobold zombie
 11 newts
286 creatures vanquished.

No species were genocided or became extinct.

Game over:
                       ----------
                      /          \
                     /    REST    \
                    /      IN      \
                   /     PEACE      \
                  /                  \
                  |   Ch3Begorrah    |
                  |     4150 Au      |
                  |   killed by a    |
                  |    leocrotta     |
                  |                  |
                  |                  |
                  |       2026       |
                 *|     *  *  *      | *
        _________)/\\_//(\/(/\)/\//\/|_)_______

Goodbye Ch3Begorrah the Rogue...

You died in The Dungeons of Doom on dungeon level 8 with 25767 points,
and 4150 pieces of gold, after 11887 moves.
You were level 10 with a maximum of 67 hit points when you died.

